Description

For real beginners

VOD

https://www.youtube.com/watch?v=cZLCA1nZl6A&t=208s

Build Order

Get SALT Encoding   

  13  0:01  Overlord  
  17  0:02  Hatchery  
  18  0:03  Extractor  
  17  0:04  Spawning Pool  16/16 minerali e 3 al gas
  20  0:05  Overlord  
  20  0:06  Queen  
  20  0:07  Queen  
  20  0:08  Zergling  
  20  0:09  Zergling  
  20  0:10  Metabolic Boost  
  30  0:11  Overlord  
  30  0:12  Queen  
  30  0:13  Queen  
  36  0:14  Overlord  
  36  0:15  Lair  
  36  0:16  Extractor  
  36  0:17  Extractor  
  36  0:18  Extractor  
  60  0:19  Zergling  satura le due basi e mass zergling
Spawning Tool Build Advisor. Get it on Overwolf

Go to:

Details

  • Created by: Nannet
  • Published on: Oct 26, 2024
  • Modified on: Oct 26, 2024
  • Patch: 5.0.11
  • Difficulty: Easy
Show
View Real Time Build Order
Export as new Build Order

Comments (0)

There are no comments. Be the first!

Create an account to comment!